 Dungeon Crawl Stone Soup version 0.30-b1-2-g02819fbbbe (webtiles) character file.

Game seed: 7533287763693764495

4263 LLlMATKO the Cleaver (level 10, -1/136 HPs)
             Began as a Minotaur Berserker on June 23, 2023.
             Was an Elder of Trog.
             Slain by a wolf (7 damage)
             ... on level 8 of the Dungeon.
             The game lasted 00:06:14 (7706 turns).

LLlMATKO the Cleaver (Minotaur Berserker)           Turns: 7706, Time: 00:06:15

Health: -1/136     AC: 11    Str: 26    XL:     10   Next: 10%
Magic:  9/9        EV: 11    Int:  4    God:    Trog [****..]
Gold:   466        SH:  0    Dex: 10    Spells: 9/9 levels left

rFire   . . .        a - +0 hand axe
rCold   . . .        (no shield)
rNeg    . . .        F - +0 chain mail
rPois   .            (helmet restricted)
rElec   .            (no cloak)
rCorr   .            (no gloves)
SInv    .            (no boots)
Will    +....        (no amulet) Stlth
                     n - ring of willpower
HPRegen 0.42/turn    (no ring)
MPRegen 0.11/turn

%: no passive effects
@: berserking, very quick
A: horns 2, retaliatory headbutt
a: Renounce Religion, Berserk, Trog's Hand, Brothers in Arms


You were on level 8 of the Dungeon.
You worshipped Trog.
Trog was greatly pleased with you.
You visited 1 branch of the dungeon, and saw 8 of its levels.
You also visited: Sewer.

You collected 466 gold pieces.

Inventory:

Hand Weapons
 a - a +0 hand axe (weapon)
Missiles
 r - a throwing net (quivered)
 v - 11 poisoned darts
 C - a curare-tipped dart
Armour
 D - a +0 ring mail of fire resistance
 F - a +0 chain mail (worn)
Jewellery
 n - a ring of willpower (left hand)
 x - the ring of Pinijups {rPois rF- AC+4 Stlth+}
   (You found it on level 4 of the Dungeon)

   [ring of protection]

   AC:        It affects your AC (+4).
   rF:        It makes you vulnerable to fire.
   rPois:     It protects you from poison.
   Stlth:     It makes you more stealthy.
 z - a ring of ice
 A - an amulet of regeneration
Wands
 E - a wand of light (1)
 I - a wand of mindburst (16)
Scrolls
 b - a scroll of acquirement {unknown}
 c - a scroll of poison
 e - 6 scrolls of teleportation
 f - 7 scrolls of identify
 j - a scroll of blinking
 k - a scroll of fog
 l - a scroll of magic mapping
 o - 3 scrolls of vulnerability {unknown}
 p - 2 scrolls of silence {unknown}
 s - 2 scrolls of enchant armour {unknown}
 y - 3 scrolls of enchant weapon {unknown}
 B - a scroll of torment {unknown}
 H - a scroll of amnesia {unknown}
Potions
 d - 2 potions of heal wounds {unknown}
 g - 2 potions of flight
 h - 4 potions of curing {unknown}
 i - 3 potions of berserk rage {unknown}
 m - 2 potions of resistance {unknown}
 q - 2 potions of degeneration {unknown}
 t - 4 potions of haste {unknown}
 u - a potion of brilliance {unknown}
 w - 2 potions of lignification {unknown}
 G - a potion of attraction {unknown}


   Skills:
 + Level 9.5 Fighting
 + Level 9.6 Axes
 + Level 9.1 Armour
 + Level 8.3 Dodging


You had 9 spell levels left.
You didn't know any spells.
Your spell library was empty.

Dungeon Overview and Level Annotations

Branches:
Dungeon (8/15)             Temple (0/1) D:5           Sewer (visited)
   Lair: D:8-11

Altars:
Hepliaklqana


Innate Abilities, Weirdness & Mutations

You have a pair of horns on your head.
You reflexively headbutt those who attack you in melee.


Message History

The troll is heavily wounded.
The troll bites you but does no damage. The troll misses you.
The troll claws you but does no damage.
The orc hits you from afar with a +0 trident.
* * * LOW HITPOINT WARNING * * *
You slash the troll! Your headbutt misses the troll.
The troll is almost dead.
Unknown command.
You slash the troll!
You feel the power of Trog in you as your rage grows.
You kill the troll!
Trog accepts your kill.
The orc hits you from afar with a +0 trident.
* * * LOW HITPOINT WARNING * * *
Unknown command.
You hit the hound.
The hound is moderately wounded.
You slash the wolf!
The wolf is severely wounded.
The orc closely misses you.
You barely miss the wolf.
The wolf is severely wounded.
You closely miss the orc warrior. The wolf closely misses you.
Unknown command.
You slash the orc warrior!
The orc warrior is heavily wounded.
You closely miss the wolf.
The orc hits you from afar with a +0 trident.
* * * LOW HITPOINT WARNING * * *
The orc warrior unwields a +0 arbalest.
The orc warrior wields a +0 mace.
The orc warrior hits you but does no damage.
You barely miss the orc warrior.
The orc warrior is heavily wounded.
You barely miss the wolf.
Unknown command.
You slash the orc warrior! You headbutt the orc warrior.
You kill the orc warrior!
Trog accepts your kill.
You slash the wolf! You miss the hound. The wolf bites you!
You die...

...#...#.........
..............~~~
.................
#.............~~~
#.............S~≈
.........).....~≈
..#...oh.......~
###)h#..(..~.~
#h@###...~.. .## ##?##
#..... #.#.#...# ##.... .
....#...###...... .
#.......#>...... ...
#....8......#.# ...
#.#.........#.# .#...
.##.....).......## .# #.
.....##......>....###.###.


You could see a wolf, 2 hounds and an orc.

Vanquished Creatures
  Erica (D:8)
  A troll (D:8)
  Prince Ribbit (D:8)
  5 yaks (D:8)
  Sigmund (D:6)
  A water moccasin (D:7)
  Edmund (D:6)
  Pargi (Sewer)
  3 black bears
  3 ice beasts
  An orc warrior (D:8)
  3 ogres
  A centaur (D:6)
  A kobold brigand (D:6)
  5 bullfrogs
  A scorpion (D:3)
  2 hounds (D:5)
  A jelly (D:6)
  2 gnoll boudas (D:6)
  An orc priest (D:4)
  3 sleepcaps
  2 iguanas (D:5)
  3 orc wizards
  7 adders
  9 gnolls
  2 river rats (D:4)
  5 white imps
  3 ufetubi
  3 worms
  23 orcs
  4 bats
  6 endoplasms
  A giant cockroach (D:1)
  18 goblins
  12 hobgoblins
  2 jackals (D:3)
  13 kobolds
  A quokka (D:5)
  11 ball pythons
  5 frilled lizards
  6 rats
175 creatures vanquished.

Notes
Turn   | Place    | Note
-------+----------+-------------------------------------------
     0 | D:1      | LLlMATKO the Minotaur Berserker began the quest for the
                  | Orb.
     0 | D:1      | Reached XP level 1. HP: 19/19 MP: 0/0
   128 | D:1      | Reached XP level 2. HP: 7/27 MP: 1/1
   498 | D:1      | Noticed a floating eye
   505 | D:1      | Noticed a golden eye
   511 | D:1      | Found a faded altar of an unknown god.
   513 | D:1      | Noticed a great orb of eyes
   513 | D:1      | Noticed a floating eye
   651 | D:1      | Reached XP level 3. HP: 33/33 MP: 2/2
   978 | D:2      | Found a hazy altar of Hepliaklqana.
  1045 | D:2      | Reached ** piety under Trog
  1339 | D:2      | Reached XP level 4. HP: 41/41 MP: 3/3
  2028 | D:3      | Noticed a scorpion
  2033 | D:3      | Killed a scorpion
  2034 | D:3      | Reached XP level 5. HP: 47/47 MP: 4/4
  2583 | D:4      | Found a glowing drain.
  2602 | Sewer    | Entered a sewer
  2718 | Sewer    | Noticed Pargi
  2721 | Sewer    | Killed Pargi
  2722 | Sewer    | Reached skill level 5 in Fighting
  2722 | Sewer    | Reached skill level 5 in Axes
  2722 | Sewer    | Reached XP level 6. HP: 51/56 MP: 5/5
  2926 | D:4      | Reached *** piety under Trog
  3019 | D:4      | Identified the ring of Pinijups {rPois rF- AC+4 Stlth+}
  3236 | D:4      | Reached skill level 5 in Armour
  3236 | D:4      | Reached XP level 7. HP: 29/62 MP: 6/6
  3535 | D:5      | Entered Level 5 of the Dungeon
  3550 | D:5      | Found a staircase to the Ecumenical Temple.
  3929 | D:5      | Reached skill level 5 in Dodging
  4702 | D:6      | Reached XP level 8. HP: 28/71 MP: 7/7
  4893 | D:6      | Noticed Edmund
  4903 | D:6      | Killed Edmund
  5180 | D:6      | Noticed Sigmund
  5191 | D:6      | Killed Sigmund
  5902 | D:6      | Reached **** piety under Trog
  6424 | D:7      | Identified the +5 falchion of the Stopping Gods {pain, rN++
                  | Stlth-}
  6432 | D:7      | Reached XP level 9. HP: 81/81 MP: 8/8
  7156 | D:8      | Noticed Prince Ribbit
  7167 | D:8      | Killed Prince Ribbit
  7370 | D:8      | Noticed Erica
  7381 | D:8      | Killed Erica
  7395 | D:8      | Reached XP level 10. HP: 42/91 MP: 9/9
  7704 | D:8      | HP: 5/136 [orc/+0 trident (4)]
  7706 | D:8      | Slain by a wolf

Illustrated notes

Levels and vault maps discovered:
D:1:      mushboom_english_gardens, layout_basic,
          hellmonk_ecumenical_altar_watching_god, grunt_decor_mini_mirrors,
          st_stairs_13, nrook_loot_triangle
D:2:      layout_rooms, basic_altar
D:3:      layout_loops_corners, chequers_arboretum
D:4:      layout_rooms, portal_sewer_entry_e, minmay_diced_spiral
D:5:      layout_loops_corners, minmay_temple_entry_waves
D:6:      layout_basic, minmay_ogre_servants, uniq_sigmund, uniq_edmund
D:7:      layout_basic
D:8:      layout_cave_pools, erik_lair_island, serial_column_ruins,
          column_ruins_columns_dead_end, column_ruins_open_small,
          column_ruins_corridor_straight, column_ruins_grid_1,
          column_ruins_open_tiny, column_ruins_open_small,
          column_ruins_open_medium, dreamdust_princess_bridge,
          uniq_prince_ribbit1, uniq_erica

Skill      XL: |  1  2  3  4  5  6  7  8  9 |
---------------+----------------------------+-----
Axes           | 4 5 6 8 9 |  9.6
Fighting       | 4 5 6 7 9 |  9.5
Armour         | 3 4 5 6 7 9 |  9.1
Dodging        | 3 4 5 6 8 |  8.3

Action                     |  1- 3 |  4- 6 |  7- 9 | 10-12 || total
---------------------------+-------+-------+-------+-------++-------
  Melee: Hand axe          |    68 |   124 |   234 |    28 ||   454
         Headbutt          |    10 |    15 |    48 |     6 ||    79
         Punch             |     1 |       |     2 |       ||     3
 Invoke: Berserk           |       |     2 |     7 |     1 ||    10
    Use: Scroll            |       |     7 |       |       ||     7
 Armour: Animal skin       |     3 |       |       |       ||     3
         Ring mail         |    22 |    38 |    65 |       ||   125
         Chain mail        |       |       |     6 |    24 ||    30
  Dodge: Dodged            |    43 |    84 |   155 |    28 ||   310
